 Dungeon Crawl Stone Soup version 0.30-b1-2-g02819fbbbe (webtiles) character file.

Game seed: 12769852890661416275

254 Eeriemist the Chopper (level 5, 0/47 HPs)
             Began as a Minotaur Fighter on Dec 8, 2023.
             Slain by a gnoll
             ... wielding a +0 spear
              (4 damage)
             ... on level 4 of the Dungeon.
             The game lasted 00:02:57 (1828 turns).

Eeriemist the Chopper (Minotaur Fighter)            Turns: 1828, Time: 00:02:58

Health: 0/47       AC:  7    Str: 23    XL:     5   Next: 91%
Magic:  4/4        EV:  9    Int:  5    God:
Gold:   131        SH:  4    Dex:  9    Spells: 4/4 levels left

rFire   . . .        a - +0 war axe
rCold   . . .        c - +0 buckler
rNeg    . . .        b - +0 scale mail
rPois   .            (helmet restricted)
rElec   .            (no cloak)
rCorr   .            (no gloves)
SInv    .            (no boots)
Will    .....        (no amulet) Stlth
                     (no ring)
HPRegen 0.27/turn    (no ring)
MPRegen 0.09/turn

%: no passive effects
@: no status effects
A: horns 2, retaliatory headbutt
a: no special abilities


You were on level 4 of the Dungeon.
You visited 1 branch of the dungeon, and saw 4 of its levels.

You collected 131 gold pieces.

Inventory:

Hand Weapons
 a - a +0 war axe (weapon)
Missiles
 l - 5 boomerangs (quivered)
Armour
 b - a +0 scale mail (worn)
 c - a +0 buckler (worn)
Scrolls
 e - 3 scrolls of teleportation
 g - a scroll of fog
 i - a scroll of identify
 j - a scroll of fear {unknown}
 o - a scroll of amnesia {unknown}
Potions
 d - a potion of might
 f - a potion of berserk rage {unknown}
 h - 2 potions of resistance {unknown}
 k - a potion of mutation {unknown}
 m - a potion of curing {unknown}
 n - a potion of flight {unknown}


   Skills:
 + Level 4.8 Fighting
 * Level 5.0 Axes
 + Level 4.8 Armour
 + Level 4.8 Shields


You had 4 spell levels left.
You didn't know any spells.
Your spell library was empty.

Dungeon Overview and Level Annotations

Branches:
Dungeon (4/15)
 Temple: D:4-7

Altars:

Shops:
D:1 *


Innate Abilities, Weirdness & Mutations

You have a pair of horns on your head.
You reflexively headbutt those who attack you in melee.


Message History

g - a scroll of fog You stop ascending the stairs.
Your surroundings suddenly seem different.
Found 5 stones.
(D) Dungeon
Where to? (Enter - D:3, ? - help)
There is a stone staircase leading down here.
You climb downwards.
The gnoll shouts! x3
Found 6 stones.
There is a stone staircase leading up here.
There are monsters nearby!
The kobold barely misses you. You furiously retaliate!
You headbutt the kobold!
You kill the kobold!
The gnoll hits you but does no damage.
You hit the gnoll but do no damage. You headbutt the gnoll.
The gnoll is moderately wounded.
The gnoll hits you with a +0 flail. The gnoll barely misses you.
You slash the gnoll!
You kill the gnoll!
You block the gnoll's attack. The gnoll barely misses you.
The gnoll hits you from afar with a +0 spear.
Found a large peridot ring.
The phantom closely misses you. You furiously retaliate!
You headbutt the phantom! The gnoll barely misses you. x2
The gnoll hits you but does no damage.
You slash the phantom!
The phantom is heavily damaged.
The phantom barely misses you.
The gnoll hits you from afar with a +0 spear.
The gnoll hits you from afar with a +0 halberd!
The gnoll hits you from afar with a +0 spear.
The phantom hits you.
The phantom blinks!
You blink.
The gnoll hits you with a +0 spear.
* * * LOW HITPOINT WARNING * * *
The gnoll hits you from afar with a +0 halberd!
* * * LOW HITPOINT WARNING * * *
Found a scroll labelled DUUPINIYKIG.
The phantom hits you but does no damage.
The gnoll hits you from afar with a +0 spear.
You die...

?.# #..# #..#
##..# ###...
#####=...##
##....#....#
...#....@W.##
#...ggg...#
##.)).§...##
#...§.....#
##(<......#
##........#
##.......#
##...#...
#####...#


You could see a phantom and 3 gnolls.

Vanquished Creatures
  Sigmund (D:2)
  Jessica (D:2)
  A gnoll (D:4)
  An adder (D:2)
  3 dart slugs (D:1)
  7 ball pythons
  7 bats
  7 endoplasms
  2 giant cockroaches (D:1)
  4 hobgoblins
  4 kobolds
  3 quokkas (D:1)
  A frilled lizard (D:1)
  6 goblins
  4 rats
52 creatures vanquished.

Vanquished Creatures (others)
  2 plants (D:2)
2 creatures vanquished.

Grand Total: 54 creatures vanquished

Notes
Turn   | Place    | Note
-------+----------+-------------------------------------------
     0 | D:1      | Eeriemist the Minotaur Fighter began the quest for the Orb.
     0 | D:1      | Reached XP level 1. HP: 19/19 MP: 0/0
    97 | D:1      | Reached XP level 2. HP: 27/27 MP: 1/1
   222 | D:1      | Reached skill level 3 in Axes
   468 | D:1      | Found Memnahach's General Store.
   539 | D:1      | Reached XP level 3. HP: 31/33 MP: 2/2
   978 | D:2      | Noticed Jessica
   985 | D:2      | Killed Jessica
   986 | D:2      | Reached XP level 4. HP: 31/40 MP: 3/3
  1161 | D:2      | Noticed Sigmund
  1174 | D:2      | Killed Sigmund
  1175 | D:2      | Reached skill level 4 in Axes
  1175 | D:2      | Reached XP level 5. HP: 39/47 MP: 4/4
  1330 | D:2      | Reached skill level 5 in Axes
  1822 | D:4      | Noticed a phantom
  1828 | D:4      | Slain by a gnoll

Illustrated notes

Levels and vault maps discovered:
D:1:      wheals_arrival_linesprint, layout_loops_ring, serial_shops,
          nicolae_shop_peninsula
D:2:      wad_lake_hut, layout_loops_ring, uniq_sigmund, uniq_jessica
D:3:      layout_rooms, portal_sewer_entry_d, uniq_natasha
D:4:      black_bear_nest_1, layout_cave_pods, uniq_robin

Skill      XL: |  1  2  3  4  5 |
---------------+----------------+-----
Axes           | 3 4 5 |  5.0
Fighting       | 4 |  4.8
Armour         | 4 |  4.8
Shields        | 4 |  4.8

Action                     |  1- 3 |  4- 6 || total
---------------------------+-------+-------++-------
  Melee: War axe           |    68 |    39 ||   107
         Headbutt          |     6 |     7 ||    13
    Use: Scroll            |       |     2 ||     2
 Armour: Scale mail        |    33 |    29 ||    62
  Dodge: Dodged            |    35 |    31 ||    66
  Block: Buckler           |    14 |     7 ||    21
